Map: Dusk Towers

Players

DCrush

  • Race: Zerg Zerg
  • League: Diamond

LilDicky - Winner!

  • Race: Terran Terran
  • League: Diamond

VOD

http://www.twitch.tv/tumescentpie

Description

Time

  • Played on: Nov. 30, 2015, 2:04 p.m.
  • Length: 41:53
Show
View Real Time Build Order
Export as new Build Order

DCrush Zerg 

Build Orders: Hatch First 

Get SALT Encoding   

  12  0:03  Drone  
  13  0:11  Drone  
  14  0:14  Extractor  
  14  0:15  Drone  
  15  0:24  Overlord  
  15  0:43  Drone x2  
  15  0:48  Drone  
  18  0:57  Drone  
  18  1:03  Hatchery  
  18  1:08  Drone  
  19  1:15  Extractor  
  18  1:20  Drone  
  19  1:26  Spawning Pool  
  19  1:29  Drone  
  19  1:43  Drone  
  20  1:56  Drone  
  21  2:14  Hatchery  
  20  2:18  Queen  
  20  2:19  Queen  
  20  2:22  Drone x3  
  27  2:33  Metabolic Boost  
  27  2:35  Drone  
  28  2:44  Overlord  
  28  3:02  Queen x2  
  28  3:04  Zergling x4  
  34  3:06  Drone x2  
  36  3:14  Overlord x2  
  36  3:26  Queen  
  38  3:40  Drone x6  
  38  3:41  Drone x3  
  47  3:54  Zergling x8  
  47  3:55  Zergling x4  
  53  4:12  Drone x5  
  53  4:13  Drone, Extractor  
  58  4:17  Lair  
  58  4:29  Overlord x2  
  58  4:30  Overlord  
  58  4:36  Drone, Extractor  
  58  4:37  Overlord x3, Extractor  
  56  4:52  Drone  
  57  4:53  Drone x10  
  57  4:55  Extractor  
  57  4:56  Extractor  
  65  5:10  Drone x3, Roach Warren  
  65  5:11  Drone x2  
  65  5:12  Drone  
  70  5:15  Evolution Chamber x2  
  68  5:27  Hydralisk Den  
  67  5:29  Drone  
  67  5:32  Drone x2  
  67  5:34  Drone x5  
  67  5:35  Drone x3  
  78  5:39  Overseer  
  78  5:53  Drone  
  78  5:54  Drone x3  
  82  6:00  Hatchery  
  82  6:03  Zerg Ground Armor Level 1  
  81  6:08  Zerg Missile Weapons Level 1, Glial Reconstitution  
  81  6:13  Muscular Augments  
  81  6:35  Baneling Nest  
  80  6:49  Drone x2  
  82  6:59  Spore Crawler  
  81  7:01  Spore Crawler, Drone  
  81  7:03  Drone  
  81  7:05  Drone x2  
  81  7:07  Spore Crawler  
  83  7:09  Hatchery  
  82  7:39  Centrifical Hooks  
  82  7:45  Drone x4  
  82  7:46  Drone x9  
  82  7:49  Overlord x5  
  82  7:50  Overlord x11  
  95  7:57  Zerg Melee Weapons Level 1  
  95  8:10  Overlord  
  95  8:16  Baneling  
  95  8:17  Baneling x12  
  95  8:18  Baneling x2  
  95  8:24  Infestation Pit  
  94  8:28  Drone  
  94  8:29  Drone x6  
  94  8:31  Spore Crawler, Extractor  
  94  8:32  Queen, Extractor  
  100  8:34  Spine Crawler  
  100  8:35  Spine Crawler  
  98  8:51  Spine Crawler  
  98  8:54  Spore Crawler  
  96  8:56  Drone  
  97  9:07  Drone x6  
  97  9:08  Drone  
  104  9:23  Zergling x2  
  104  9:24  Zergling x42  
  114  9:28  Zerg Ground Armor Level 2  
  126  9:31  Lurker Den  
  126  9:39  Burrow  
  126  9:43  Hive  
  126  9:45  Pneumatized Carapace  
  126  9:51  Overseer  
  126  9:53  Overseer  
  126  10:29  Overseer  
  126  10:50  Hatchery  
  125  11:02  Overseer  
  125  11:07  Zerg Melee Weapons Level 2  
  125  11:16  Ultralisk Cavern  
  124  11:20  Nydus Network  
  123  11:32  Zergling x4  
  125  11:33  Zergling x56  
  125  11:34  Zergling x28  
  125  11:37  Baneling x10  
  125  11:38  Baneling x4  
  167  11:46  Zerg Ground Armor Level 3  
  167  11:47  Adrenal Glands  
  161  12:45  Spine Crawler x2  
  161  12:46  Extractor  
  161  12:47  Spine Crawler, Extractor  
  161  12:48  Spore Crawler  
  161  12:49  Baneling x2  
  161  12:50  Baneling x3  
  161  12:51  Baneling x2  
  155  12:56  Baneling x7  
  155  12:57  Baneling x8  
  155  13:02  Chitinous Plating  
  155  13:04  Ultralisk x7  
  167  13:40  Zergling x20  
  167  13:41  Zergling x50  
  160  13:42  Zergling x2  
  169  13:52  Queen  
  171  14:09  Queen x2  
  173  14:12  Zergling x2  
  173  14:13  Zergling x18  
  185  14:19  Zerg Melee Weapons Level 3  
  185  14:28  Viper x2  
  185  14:29  Viper x2  
  185  14:31  Evolution Chamber x2  
  196  14:32  Evolution Chamber  
  194  14:46  Nydus Canal  
  194  15:00  Overlord x2, Drone  
  182  15:30  Ultralisk  
  182  15:31  Ultralisk x2  
  182  15:35  Baneling x6  
  200  15:37  Baneling x4  
  200  15:38  Baneling x6  
  200  16:21  Hatchery  
  200  16:23  Hatchery  
  195  16:28  Zergling x4  
  195  16:29  Zergling x4  
  192  17:06  Spawning Pool  
  192  17:07  Spire  
  189  17:08  Spire  
  181  17:58  Hydralisk x3  
  177  17:59  Hydralisk x8  
  199  18:09  Extractor  
  199  18:11  Extractor  
  199  18:12  Zergling x6  
  200  18:24  Spore Crawler x2  
  200  18:25  Spore Crawler  
  200  18:27  Spore Crawler x3  
  190  18:35  Spore Crawler  
  190  18:37  Spore Crawler  
  166  18:46  Hydralisk  
  166  18:47  Hydralisk x22  
  105  19:04  Zergling x2  
  105  19:05  Zergling x8  
  105  19:07  Zergling x2  
  105  19:08  Zergling x40  
  105  19:09  Zergling x2  
  131  19:27  Overlord  
  126  19:39  Ultralisk  
  126  19:40  Ultralisk x11  
  126  19:42  Zergling x4  
  200  19:46  Baneling x7  
  197  19:55  Overseer x3  
  187  20:20  Hatchery  
  180  21:14  Hydralisk x5  
  180  21:15  Hydralisk x5  
  198  21:58  Baneling Nest  
  198  21:59  Greater Spire  
  198  22:00  Zerg Flyer Weapons Level 1  
  192  22:19  Hatchery  
  191  22:30  Zerg Missile Weapons Level 2  
  191  22:31  Hydralisk  
  191  22:32  Hydralisk x3  
  199  23:19  Hydralisk  
  199  23:24  Drone  
  198  23:54  Queen  
  197  24:39  Drone x3  
  200  24:47  Spore Crawler  
  200  24:51  Spore Crawler  
  198  25:05  Spore Crawler  
  198  25:07  Drone x3  
  199  25:08  Spore Crawler  
  192  25:46  Spore Crawler  
  191  26:10  Zergling x2  
  195  26:11  Zergling x14  
  188  27:06  Drone x6  
  194  27:13  Spore Crawler  
  193  27:19  Corruptor x3  
  158  27:43  Corruptor x4  
  158  27:44  Corruptor x13  
  82  28:08  Zerg Flyer Weapons Level 2  
  82  28:13  Zergling x2  
  82  28:14  Zergling x4  
  85  28:41  Corruptor  
  10  30:24  Zerg Flyer Armor Level 1  
Show
View Real Time Build Order
Export as new Build Order

LilDicky Terran - Winner!

Build Orders: Bio Tank, MMM Bio 

Get SALT Encoding   

  12  0:01  SCV  
  13  0:13  SCV  
  14  0:19  Supply Depot  
  14  0:25  SCV  
  15  0:34  Refinery  
  15  0:40  SCV  
  16  0:45  Barracks  
  16  0:52  SCV  
  17  1:04  SCV  
  18  1:16  SCV  
  19  1:28  SCV  
  21  1:37  Reaper  
  22  1:50  Orbital Command  
  22  1:53  Command Center  
  21  2:02  Supply Depot  
  21  2:09  Refinery  
  21  2:23  SCV, Barracks Tech Lab  
  21  2:25  Factory  
  22  2:35  SCV  
  23  2:47  SCV  
  24  2:53  Marine  
  25  3:00  SCV  
  26  3:09  Orbital Command  
  26  3:19  Command Center  
  27  3:20  SCV  
  27  3:32  SCV  
  28  3:41  Siege Tank  
  28  3:42  Barracks Reactor  
  28  3:43  SCV  
  28  3:45  SCV  
  33  3:49  Starport  
  33  3:55  SCV  
  34  3:58  SCV  
  35  4:10  Liberator  
  35  4:11  SCV  
  35  4:13  SCV  
  37  4:18  Siege Tank  
  37  4:19  Command Center, Marine x2  
  37  4:23  SCV  
  46  4:34  Orbital Command  
  46  4:38  Refinery  
  46  4:39  SCV x2  
  46  4:40  Marine  
  46  4:42  Marine  
  50  4:45  Refinery  
  50  4:54  Siege Tank  
  50  4:58  Marine  
  50  4:59  SCV  
  55  5:00  SCV x2, Marine  
  55  5:03  Supply Depot  
  58  5:09  Liberator  
  58  5:10  Liberator  
  58  5:11  SCV  
  58  5:12  SCV  
  60  5:25  Barracks  
  60  5:27  Barracks  
  66  5:31  Orbital Command  
  66  5:54  SCV x2  
  66  5:56  SCV, Refinery  
  69  5:59  Marine  
  69  6:01  Liberator  
  69  6:02  Siege Tank  
  73  6:06  SCV x2, Supply Depot  
  73  6:08  SCV, Refinery  
  73  6:11  Liberator  
  76  6:15  Supply Depot  
  76  6:17  Marine  
  78  6:18  SCV x2  
  78  6:23  Engineering Bay  
  78  6:24  Barracks Tech Lab x2  
  82  6:26  Engineering Bay  
  82  6:30  Orbital Command  
  85  6:34  SCV x3  
  85  6:35  Refinery  
  85  6:36  Refinery  
  85  6:37  Marine  
  89  6:44  Liberator  
  89  6:45  Supply Depot  
  89  6:46  SCV  
  89  6:47  Marine x2  
  90  6:52  SCV x2  
  90  6:54  Liberator  
  94  7:00  Barracks Reactor  
  94  7:01  Combat Shields, Stimpack  
  94  7:04  Marine  
  94  7:05  Marine  
  94  7:06  SCV  
  94  7:07  SCV x2  
  102  7:10  Terran Infantry Weapons Level 1  
  105  7:17  SCV  
  105  7:18  SCV  
  105  7:19  SCV  
  105  7:22  Supply Depot  
  108  7:31  Terran Infantry Armor Level 1  
  108  7:35  Supply Depot  
  108  7:36  Supply Depot  
  108  7:38  Marine x2  
  108  7:39  SCV  
  108  7:40  Supply Depot  
  108  7:42  Marine  
  108  7:43  Marine  
  113  7:44  Supply Depot  
  113  7:53  Barracks  
  113  7:54  Barracks  
  113  7:55  Missile Turret, Barracks  
  113  7:56  Marine x2  
  115  8:02  Armory  
  115  8:03  SCV x3  
  118  8:11  Marine x2  
  118  8:12  SCV  
  121  8:14  Command Center  
  121  8:15  Marauder x2  
  121  8:16  Missile Turret  
  121  8:18  Missile Turret  
  125  8:20  Missile Turret  
  125  8:22  Missile Turret  
  125  8:25  Missile Turret  
  125  8:29  Marine  
  125  8:30  Missile Turret  
  125  8:31  Missile Turret  
  125  8:32  Missile Turret  
  125  8:33  SCV x2  
  128  8:34  SCV  
  128  8:36  SCV, Marauder x2  
  128  8:37  Liberator  
  128  8:39  Siege Tank  
  128  8:40  Liberator  
  137  8:42  Barracks Reactor, Barracks Tech Lab  
  137  8:43  Barracks Reactor  
  137  8:44  Marine  
  138  8:52  Factory  
  138  8:53  Starport  
  141  8:57  Marauder  
  146  9:04  SCV x4  
  146  9:05  Supply Depot  
  150  9:19  Missile Turret  
  150  9:20  Marauder, Missile Turret, Marine  
  150  9:21  Missile Turret, Marauder  
  150  9:23  Marine  
  156  9:25  Marine  
  157  9:39  Supply Depot  
  157  9:42  Marauder  
  157  9:43  Barracks Reactor  
  159  9:47  Barracks Reactor  
  159  9:48  Supply Depot  
  159  9:49  Supply Depot  
  159  9:53  Missile Turret  
  159  9:55  Missile Turret  
  159  9:57  Missile Turret x2  
  159  10:01  SCV x2  
  159  10:02  Refinery x2  
  161  10:08  Terran Infantry Weapons Level 2, Terran Infantry Armor Level 2  
  161  10:09  Terran Vehicle And Ship Armor Level 1  
  161  10:12  Marine x6  
  161  10:14  Armory  
  167  10:29  Marine, Liberator x3  
  167  10:31  Marauder x2  
  172  10:37  Planetary Fortress  
  172  10:39  Marine  
  172  10:40  Marine x5  
  184  10:44  Thor x2  
  199  10:56  Starport x2  
  199  10:58  Fusion Core  
  199  11:05  Armory  
  199  11:57  Marine  
  200  12:02  Starport Tech Lab x2  
  200  12:04  Terran Vehicle And Ship Armor Level 2  
  200  12:05  Terran Ship Weapons Level 1, Terran Vehicle Weapons Level 1  
  200  12:13  Marine  
  200  12:14  Marauder x2  
  192  12:35  Marauder x2  
  196  12:39  Medivac x2  
  199  12:52  Cloaking Field  
  199  12:54  Behemoth Reactor  
  199  13:21  Marine  
  189  13:30  Liberator x3  
  152  13:35  Marine  
  152  13:36  Marine x8  
  152  13:37  Banshee  
  152  13:39  Marine  
  132  13:47  Banshee  
  141  13:48  Medivac  
  141  13:50  Thor, Siege Tank  
  141  13:53  Marine  
  141  13:54  Marine x6  
  141  13:55  Marauder x2  
  163  13:56  SCV x2  
  163  13:58  Marine  
  166  14:03  Command Center  
  166  14:06  Command Center  
  166  14:10  Command Center, Advanced Ballistics  
  166  14:11  Marine  
  166  14:15  SCV  
  166  14:16  Marauder x2  
  172  14:18  Medivac  
  172  14:20  Banshee  
  172  14:21  Marine  
  172  14:22  Thor, Marine x4  
  172  14:23  Marine x2  
  190  14:25  Command Center  
  190  14:27  SCV, Terran Infantry Weapons Level 3, Terran Infantry Armor Level 3  
  190  14:29  Banshee, Marine  
  190  14:31  Terran Vehicle And Ship Armor Level 3, Terran Vehicle Weapons Level 2  
  195  14:33  Terran Ship Weapons Level 2  
  195  14:36  Command Center  
  195  14:37  Marauder x2  
  199  14:38  Refinery  
  199  14:39  Marine  
  199  14:40  Barracks  
  199  14:43  Barracks  
  200  14:46  Barracks  
  200  14:48  Barracks  
  200  15:15  Refinery  
  200  15:22  Missile Turret x2  
  200  15:24  Missile Turret  
  200  15:25  Missile Turret  
  200  15:26  Missile Turret  
  200  15:27  Missile Turret  
  200  15:29  Supply Depot x2  
  200  15:31  Planetary Fortress x3  
  200  15:34  Missile Turret  
  200  15:39  Missile Turret  
  200  15:41  Missile Turret  
  200  15:53  Planetary Fortress  
  200  15:58  Missile Turret  
  200  16:00  Missile Turret  
  200  16:04  Missile Turret  
  200  16:05  Planetary Fortress  
  183  16:29  Banshee  
  183  16:30  Viking  
  183  16:32  Banshee  
  196  16:37  Thor  
  193  17:14  Liberator x2  
  192  17:26  Marine  
  192  17:27  Marine  
  192  17:29  Battlecruiser x2  
  194  17:33  Corvid Reactor  
  194  17:34  Hyperflight Rotors  
  194  18:00  Marine x2  
  194  18:04  Marine x2  
  194  18:05  Marauder  
  193  18:18  Weapon Refit  
  186  19:00  Battlecruiser x2  
  198  19:08  Command Center  
  182  19:59  Refinery x2  
  179  20:20  Marine  
  179  20:21  Marine x5  
  184  20:22  Thor x2, Marauder  
  184  20:27  Marine x2  
  184  20:28  Marauder  
  200  20:47  Command Center  
  200  20:50  Command Center  
  189  21:06  Planetary Fortress, Liberator  
  189  21:21  Banshee  
  189  21:22  Banshee  
  186  21:57  Terran Vehicle Weapons Level 3, Terran Ship Weapons Level 3  
  186  22:00  Building Armor, Hi-Sec Auto Tracking  
  186  22:04  Banshee x2  
  186  22:05  Liberator  
  186  22:06  Liberator x2  
  179  22:23  Marine  
  179  22:24  Marine x5  
  179  22:25  Marauder x2  
  198  22:37  Marine  
  199  22:45  Missile Turret  
  199  22:49  Missile Turret  
  199  23:03  Marine x3  
  190  23:54  Banshee x2  
  193  24:24  Liberator x2  
  193  24:26  Command Center, Liberator  
  193  24:27  Command Center  
  193  24:28  Command Center  
  193  24:29  Missile Turret  
  193  24:30  Missile Turret  
  193  24:33  Missile Turret  
  193  24:37  Banshee, Marine  
  191  24:40  Command Center, Banshee  
  200  25:05  Supply Depot  
  200  25:07  Supply Depot x2  
  200  25:08  Supply Depot  
  200  25:20  Banshee  
  200  25:23  Banshee  
  190  25:49  Viking x3  
  193  25:50  Viking  
  193  25:56  Planetary Fortress x4  
  195  26:00  Refinery x2  
  195  26:03  Viking, Missile Turret  
  197  26:08  Supply Depot x2  
  197  26:09  Supply Depot  
  197  26:10  Supply Depot  
  197  26:18  Marine x2  
  199  26:23  Command Center  
  199  26:28  Supply Depot  
  193  26:57  Command Center  
  154  27:55  Raven  
  154  27:57  Viking x2  
  160  28:01  Orbital Command  
  160  28:05  SCV  
  160  28:06  SCV x2  
  160  28:07  SCV x3  
  160  28:08  Command Center  
  162  28:53  Liberator x4  
  162  29:06  Thor x2  
  162  29:08  Raven x2  
  178  29:16  Marine  
  191  29:17  Marine x9  
  200  30:41  SCV  
  200  30:44  SCV  
  200  30:51  SCV  
  196  31:08  SCV  
  196  31:09  SCV x3  
  196  31:34  SCV x4  
  191  32:16  SCV  
  191  32:17  SCV x7  
  198  32:28  SCV  
  198  32:29  SCV x2  
  200  32:30  Orbital Command  
  200  32:34  SCV  
  198  32:38  SCV  
  198  32:39  SCV  
  189  32:52  Orbital Command  
  189  33:10  SCV x9  
  198  33:17  Orbital Command  
  198  33:22  SCV x2  
  200  33:53  SCV  
  200  33:54  SCV x5  
  187  34:38  SCV  
  185  34:39  SCV x10  
  192  34:50  SCV  
  192  34:51  SCV x7  
  200  34:55  SCV  
  200  34:56  SCV x2  
  198  35:02  SCV  
  198  35:03  SCV  
  197  35:07  SCV  
  197  35:08  SCV x2  
  197  35:14  SCV  
  197  35:15  SCV  
  197  35:19  SCV  
  197  35:20  SCV x2  
  196  35:25  Command Center  
  196  35:26  SCV  
  196  35:27  SCV  
  198  35:31  SCV  
  194  35:40  SCV  
  189  36:20  Command Center  
  187  36:42  Command Center  
  187  36:50  Command Center  
  187  37:01  Command Center  
  187  37:03  Command Center  
  184  37:46  SCV x7  
  184  37:47  SCV x4  
  195  37:55  Orbital Command  
  195  37:57  Orbital Command  
  195  37:58  SCV x4  
  196  37:59  SCV, Orbital Command  
  196  38:04  Orbital Command  
  200  38:26  Planetary Fortress  
  200  38:27  Planetary Fortress  
  193  39:54  Barracks  
  193  39:56  Ghost Academy  
  193  39:57  Ghost Academy  
  193  39:58  Ghost Academy  
  193  40:10  Ghost Academy  
  193  40:11  Ghost Academy, Barracks  
  193  40:12  Barracks  
  193  40:13  Barracks  
  193  40:17  Barracks  
  193  40:20  Barracks  
  193  41:11  Barracks Tech Lab x4  
  193  41:12  Barracks Tech Lab x2  
Tags
 
Add a new tag
Caveats
  • Supply blocks, unpowered buildings, or Contaminate may cause inaccurate times.
  • Supply counts are checked every 10 seconds.